 Dungeon Crawl Stone Soup version 0.29-a0-409-gd843f3a48c (webtiles) character file.

Game seed: 1694763176057098393

2 Pelinal the Ruffian (level 1, 18/18 HPs)
             Began as a Naga Transmuter on May 14, 2022.
             Got out of the dungeon alive.
             The game lasted 00:00:23 (181 turns).

Pelinal the Ruffian (Naga Transmuter)                Turns: 181, Time: 00:00:24

Health: 18/18      AC:  1    Str: 12    XL:     1   Next: 40%
Magic:  3/3        EV:  9    Int: 13    God:
Gold:   28         SH:  0    Dex: 11    Spells: 3/4 levels left

rFire   . . .      SeeInvis +     - Unarmed
rCold   . . .      Faith    .   (no shield)
rNeg    . . .      Spirit   .   a - +0 robe
rPois   +          Reflect  .   (no helmet)
rElec   .          Harm     .   (no cloak)
rCorr   .          Rampage  .   (no gloves)
Will    .....                   (no barding)
Stlth   +.........              (no amulet)
HPRegen 0.06/turn               (no ring)
MPRegen 0.08/turn               (no ring)

@: very slow
A: AC +0, large, see invisible, deformed body, poison resistance, slowness 2,
spit poison 1, naga tail 1
a: Spit Poison


You escaped.
You visited 1 branch of the dungeon, and saw 1 of its levels.

You collected 28 gold pieces.

Inventory:

Armour
 a - a +0 robe (worn)
Scrolls
 c - a scroll of vulnerability {unknown}
 e - a scroll of identify {unknown}
Potions
 b - a potion of lignification
 d - a potion of mutation {unknown}
 f - a potion of haste {unknown}


   Skills:
 - Level 1.0 Fighting
 - Level 1.5 Dodging
 - Level 3.0 Unarmed Combat
 - Level 2.0 Spellcasting
 + Level 2.2 Transmutations


You had 3 spell levels left.
You knew the following spells:

 Your Spells              Type           Power      Damage    Failure   Level
a - Beastly Appendage     Tmut           14%        N/A       10%         1

Your spell library contained the following spells:

 Spells                   Type           Power      Damage    Failure   Level
 Wereblood                Tmut           7%         N/A       16%         2
 Spider Form              Tmut/Pois      4%         N/A       43%         3
 Ice Form                 Ice/Tmut       4%         N/A       85%         4


Dungeon Overview and Level Annotations

Branches:
Dungeon (1/15)

Altars:


Innate Abilities, Weirdness & Mutations

Your serpentine skin is tough. (AC +0)
You have supernaturally acute eyesight. (SInv)
Armour fits poorly on your strangely shaped body.
Your system is resistant to poisons. (rPois)
You cover ground very slowly.
You can spit poison.
You have a snake-like lower body.


Message History

A rat is nearby!
The rat closely misses you.
You closely miss the rat. The rat bites you.
You hit the rat.
You kill the rat!
No target in view!
HP restored.
Found 23 stones.
No target in view!
No target in view!
You see here 23 stones.
You now have 28 gold pieces.
Found a stone staircase leading down.
Unknown command.
No target in view!
There is a stone staircase leading down here.
Found a robe.
A ball python comes into view.
A ball python is nearby!
A ball python is nearby!
Found a ring mail.
The ball python hisses angrily.
You see here a glowing green potion.
d - a glowing green potion The ball python bites you.
The ball python barely misses you.
You hit the ball python.
You kill the ball python!
No target in view!
No target in view!
Unknown command.
Found 15 stones.
e - a scroll labelled VIHIPO HIXKUOF
f - a purple potion Unknown command.
There is an empty arch of ancient stone here.
There is a staircase leading out of the dungeon here.
You can't go down here!
Unknown command.
Are you sure you want to leave the Dungeon?
This will make you lose the game!
You have escaped!

####.# #.####.# ###.
♣.##§###.####.## . ....
♣♣.♣§§....#...... #.
##...♣♣♣♣§♣♣§⌠###.#.##.##
#. ###
>.§♣..8.8§§♣♣..#......##
.....#
#.♣♣8.§§8♣♣.......#####
#..#.#
#♣♣.8[.∩..8[♣........# #
#.#..#
#.♣8.......8.♣#..###.#
...#.# ♣...∩.@.∩..♣♣...# .#
#....# #♣.8.......8...... #
#..#.#####.♣♣8..∩..8♣♣♣..##
........§☼§○°♣8...8..♣...
#........§.⌠♣..8.8♣♣♣..
#.###....§§☼.♣♣♣..♣ §#. ..#
######§°♣♣...♣.. # .##
#.☼§.♣♣.♣♣# . #..§....# ###


There were no monsters in sight!

Vanquished Creatures
  An endoplasm (D:1)
  A ball python (D:1)
  A rat (D:1)
3 creatures vanquished.

Notes
Turn   | Place    | Note
-------+----------+-------------------------------------------
     0 | D:1      | Pelinal the Naga Transmuter began the quest for the Orb.
     0 | D:1      | Reached XP level 1. HP: 18/18 MP: 3/3
   181 | D:$      | Got out of the dungeon alive.

Illustrated notes

Levels and vault maps discovered:
D:1:      heliophobic_arrival_enchanted_forest, layout_loops_cross

Action                   || total
-------------------------++-------
Melee: Unarmed           ||     4
Dodge: Dodged            ||     3

Table legend: (Time is in decaauts)
 A = Elapsed time spent in this place.
 B = Non-inter-level travel time spent in this place.
 C = Inter-level travel time spent in this place.
 D = Time resting spent in this place.
 E = Time spent auto-exploring this place.
 F = Levels seen in this place.
 G = Mean time per level.
                   A        B        C        D        E       F      G
               +--------+--------+--------+--------+--------+-----+--------+
         Total |    233 |    212 |     21 |      0 |    179 |   1 |  233.0 |
       Dungeon |    233 |    212 |     21 |      0 |    179 |   1 |  233.0 |
               +--------+--------+--------+--------+--------+-----+--------+

Top non-repeatable levels by time:
     D:1: 233 daAuts
